 Dungeon Crawl Stone Soup version 0.23.0 (webtiles) character file.

Game seed: 9642623589376915336

1239 Murks the Fighter (level 8, -11/88 HPs)
             Began as an Ogre Wanderer on Feb 14, 2019.
             Was an Initiate of Trog.
             Mangled by an orc warrior
             ... wielding a +0 battleaxe
              (22 damage)
             ... on level 5 of the Dungeon.
             The game lasted 00:29:43 (5535 turns).

Murks the Fighter (Ogre Wanderer)                   Turns: 5535, Time: 00:29:43

Health: -11/88     AC: 12    Str: 19    XL:     8   Next: 49%
Magic:  9/9        EV:  7    Int: 13    God:    Trog [......]
Gold:   373        SH:  8    Dex:  8    Spells: 8/9 levels left

rFire    . . .     SeeInvis .   r - +2 dagger (elec)
rCold    . . .     Gourm    .   i - +0 shield
rNeg     . . .     Faith    .   a - +2 robe
rPois    .         Spirit   .   (helmet restricted)
rElec    .         Reflect  .   n - +2 cloak
rCorr    .         Harm     .   (gloves unavailable)
MR       .....                  (boots unavailable)
Stlth    ++........             (no amulet)
HPRegen  0.24/turn              t - +4 ring of protection
MPRegen  0.11/turn              u - ring of stealth

@: hasted, very quick
A: large, unfitting armour, tough skin 1
a: Renounce Religion


You were on level 5 of the Dungeon.
You worshipped Trog.
Trog was noncommittal.
You were near starving.

You visited 2 branches of the dungeon, and saw 6 of its levels.

You collected 373 gold pieces.

Inventory:

Hand Weapons
 b - a +0 hunting sling
 c - a +0 hand axe
 r - a +2 dagger of electrocution (weapon)
Missiles
 q - 127 stones (quivered)
Armour
 a - a +2 robe (worn)
 i - a +0 shield (worn)
 n - a +2 cloak (worn)
Jewellery
 m - an uncursed ring of stealth
 t - a +4 ring of protection (left hand)
 u - a ring of stealth (right hand)
Wands
 o - a wand of scattershot (3)
Scrolls
 f - 7 scrolls of remove curse {unknown}
 g - 3 scrolls of immolation {unknown}
 h - a scroll of magic mapping {unknown}
 j - 3 scrolls of enchant weapon {unknown}
 k - 3 scrolls of teleportation {unknown}
 l - 6 scrolls of identify {unknown}
 p - a scroll of enchant armour {unknown}
 s - 3 scrolls of fear {unknown}
 y - a scroll of amnesia {unknown}
Potions
 w - a potion of resistance
Comestibles
 d - 12 rations


   Skills:
 - Level 8.2 Fighting
 - Level 7.2 Axes
 - Level 1.0 Dodging
 - Level 1.0 Stealth
 + Level 2.6 Shields
 - Level 1.2 Spellcasting
   Level 2.6 Summonings
   Level 1.0 Poison Magic


You had 8 spell levels left.
You knew the following spells:

 Your Spells              Type           Power        Failure   Level  Hunger
a - Flame Tongue          Conj/Fire      #....        73%         1    ##.....

Your spell library contained the following spells:

 Spells                   Type           Power        Failure   Level  Hunger
 Beastly Appendage        Tmut           #.....       73%         1    ##.....
 Confusing Touch          Hex            #.....       73%         1    ##.....
 Sticks to Snakes         Tmut           #.......     86%         2    ###....
 Spider Form              Tmut/Pois      #.........   95%         3    ####...
 Ignite Poison            Fire/Tmut/Pois #.......     96%         3    ####...
 Confuse                  Hex            #.......     97%         3    ####...
 Gell's Gravitas          Tloc           #.........   97%         3    ####...
 Ice Form                 Ice/Tmut       #.......     100%        4    #####..
 Petrify                  Tmut/Erth      #.......     100%        4    #####..
 Blade Hands              Tmut           #.........   100%        5    ######.
 Metabolic Englaciation   Hex/Ice        #.........   100%        5    ######.
 Yara's Violent Unravell  Hex/Tmut       #.........   100%        5    ######.


Dungeon Overview and Level Annotations

Branches:
Dungeon (5/15)             Temple (1/1) D:5

Altars:
Cheibriados
Dithmenos
Elyvilon
Fedhas
Makhleb
Nemelex Xobeh
Okawaru
Qazlal
Sif Muna
Trog
Uskayaw
Vehumet
Wu Jian
Xom
Yredelemnul
Zin
The Shining One

Shops:
D:5 (


Innate Abilities, Weirdness & Mutations

You are too large for most types of armour.
You have tough skin. (AC +1)


Message History

The orc warrior hits you with a +0 battleaxe!!
Okay, then.
You feel yourself speed up. The orc wizard barely misses you.
The orc warrior hits you but does no damage.
You closely miss the orc warrior.
The orc wizard hits you from afar with a +0 trident.
You block the adder's attack.
The orc warrior hits you with a +0 battleaxe!
* * * LOW HITPOINT WARNING * * *
You hit the orc warrior but do no damage.
The adder bites you but does no damage. The orc wizard barely misses you.
You closely miss the orc warrior.
The orc warrior hits you with a +0 battleaxe.
* * * LOW HITPOINT WARNING * * *
The adder bites you.
* * * LOW HITPOINT WARNING * * *
You barely miss the orc warrior. You block the orc wizard's attack.
The adder completely misses you.
The orc warrior hits you with a +0 battleaxe!!
You die...

#. #...........#.############...
#.###..#####.#.###...............
.........###.##.#.#############.#
.#..⌠..#.[##.###..# #.#
#.....##..#.# #..# #..
#..#.#..##...###..# ###
..##.##..##.......#
.##...##.....###..#
....>....⌠...###@.# #
.##...##......S.o.# #
##.##..##..o###.# #
#.#..##......#.# ##
....##..#..#.#(# ##. ..⌠..#..#
..#.#(# #.. ......... ..# #(# ##.
.######... ... .# ## ### #.#. ##
#


You could see an orc warrior, an orc wizard and an adder.

Vanquished Creatures
  2 ice beasts (D:4)
  2 phantoms
  An ogre (D:5)
  A centaur (D:5)
  A gnoll sergeant (D:5)
  A scorpion (D:5)
  A crimson imp (D:4)
  A hound (D:5)
  2 orc priests
  A bullfrog skeleton (D:4)
  An iguana (D:4)
  7 orc wizards (D:4)
  A worker ant (D:4)
  7 adders
  3 gnolls
  A howler monkey skeleton (D:5)
  3 oozes
  3 worms
  2 dart slugs
  6 leopard geckos
  4 orcs (D:4)
  6 giant cockroaches
  6 goblins
  14 hobgoblins
  5 jackals
  5 kobolds
  2 quokkas
  2 ball pythons
  9 bats
  6 frilled lizards
  A leopard gecko skeleton (D:5)
  12 rats
119 creatures vanquished.

Notes
Turn   | Place    | Note
-------+----------+-------------------------------------------
     0 | D:1      | Murks the Ogre Wanderer began the quest for the Orb.
     0 | D:1      | Murks set off with the following items: a +2 robe, a +0
                  | hand axe, a ration; and the following spell memorised:
                  | Flame Tongue; and the following spells available to
                  | memorise: Ignite Poison
     0 | D:1      | Reached XP level 1. HP: 19/19 MP: 2/2
   118 | D:1      | Reached XP level 2. HP: 25/27 MP: 0/3
   407 | D:1      | Reached XP level 3. HP: 32/33 MP: 0/4
  1202 | D:2      | Reached XP level 4. HP: 36/41 MP: 5/5
  1726 | D:2      | Found a faded altar of an unknown god.
  2075 | D:3      | Found a blossoming altar of Fedhas.
  2201 | D:3      | Reached XP level 5. HP: 38/48 MP: 6/6
  2549 | D:3      | Reached skill level 5 in Axes
  3002 | D:4      | Noticed an ice beast
  3004 | D:4      | Found a transporter.
  3008 | D:4      | Noticed an ice beast
  3045 | D:4      | Reached XP level 6. HP: 53/55 MP: 7/7
  3117 | D:4      | Found a transporter.
  3146 | D:4      | Killed an ice beast
  3153 | D:4      | Killed an ice beast
  3402 | D:4      | Reached XP level 7. HP: 61/62 MP: 8/8
  3642 | D:4      | Reached skill level 2 in Fighting
  3647 | D:4      | Reached skill level 3 in Fighting
  3665 | D:4      | Reached skill level 4 in Fighting
  4114 | D:4      | Reached skill level 5 in Fighting
  4388 | D:5      | Entered Level 5 of the Dungeon
  4414 | D:5      | Reached skill level 6 in Fighting
  4414 | D:5      | Reached XP level 8. HP: 41/84 MP: 9/9
  4765 | D:5      | Reached skill level 7 in Fighting
  4895 | D:5      | Found a staircase to the Ecumenical Temple.
  4916 | D:5      | Reached skill level 8 in Fighting
  4951 | Temple   | Entered the Ecumenical Temple
  4987 | Temple   | Became a worshipper of Trog the Wrathful
  5028 | D:5      | Found a sand-covered staircase.
  5217 | D:5      | Found Sorif's Weapon Emporium.
  5535 | D:5      | Mangled by an orc warrior

Skill      XL: |  1  2  3  4  5  6  7  8 |
---------------+-------------------------+-----
Axes           | 2 3 4 5 7 |  7.2
Fighting       | 6 8 |  8.2
Shields        | 2 |  2.6
Dodging        | |  1.0
Stealth        | |  1.0
Spellcasting   | |  1.2
Summonings     | |  2.6
Poison Magic   | |  1.0

Action                   |  1- 3 |  4- 6 |  7- 9 || total
-------------------------+-------+-------+-------++-------
Melee: Hand axe          |    72 |    30 |       ||   102
       Dagger            |       |   114 |   153 ||   267
Throw: Stone             |     2 |    40 |    16 ||    58
       Javelin           |     9 |     1 |       ||    10
 Cast: Flame Tongue      |    25 |     3 |     1 ||    29
  Use: Potion            |       |     1 |     7 ||     8
 Stab: Sleeping          |     1 |     4 |     4 ||     9
  Eat: Chunk             |     2 |     5 |     4 ||    11
       Ration            |       |     1 |       ||     1
Armor: Robe              |    36 |    70 |    65 ||   171
Dodge: Dodged            |    38 |    59 |    48 ||   145
Block: Shield            |       |       |    10 ||    10
